Map: Blackpink LE

Players

Ryung - Winner!

  • Race: Terran Terran
  • Spawn Location: 7:00

HeRoMaRinE

  • Race: Terran Terran
  • Spawn Location: 1:00

Event: IEM Season 12 - Katowice

VOD

Have the link to the VOD?

Description

Time

  • Played on: March 2, 2018, 12:33 p.m.
  • Length: 13:15

All games in this series

Show
View Real Time Build Order
Export as new Build Order

Ryung Terran - Winner!

Build Orders: Cyclone Opening, Reaper Expand, Bio Tank 

Get SALT Encoding   

  12  0:00  SCV  
  13  0:13  SCV  
  14  0:17  Supply Depot  
  14  0:25  SCV  
  15  0:39  SCV  
  15  0:41  Barracks  
  16  0:44  Refinery  
  16  0:51  SCV  
  17  1:03  SCV  
  18  1:15  SCV  
  19  1:28  Reaper, Orbital Command  
  20  1:45  Command Center  
  20  1:54  SCV  
  20  1:57  Supply Depot  
  20  1:59  Marine  
  22  2:06  SCV  
  23  2:10  Factory  
  23  2:16  Refinery  
  23  2:18  SCV  
  23  2:20  Marine  
  25  2:30  SCV  
  26  2:37  Marine  
  26  2:43  SCV  
  28  2:54  Cyclone  
  28  2:56  Barracks Reactor  
  28  2:57  SCV  
  32  2:59  Orbital Command  
  32  3:09  SCV  
  32  3:11  Starport  
  33  3:21  SCV  
  33  3:23  Engineering Bay  
  35  3:27  SCV  
  35  3:28  Factory Tech Lab  
  35  3:33  SCV  
  35  3:34  Marine x2  
  36  3:38  Bunker  
  36  3:40  SCV  
  38  3:45  SCV  
  39  3:51  Supply Depot  
  39  3:53  SCV  
  39  3:55  Missile Turret  
  40  3:56  Raven  
  40  3:58  SCV  
  43  4:05  SCV  
  43  4:06  Marine x2  
  46  4:11  Supply Depot  
  46  4:13  SCV  
  46  4:14  Cyclone  
  50  4:18  SCV  
  51  4:25  SCV, Marine x2  
  53  4:35  SCV  
  53  4:37  SCV  
  52  4:42  Command Center  
  52  4:48  SCV, Raven  
  52  4:49  SCV  
  56  4:56  Supply Depot, Refinery x2  
  56  5:00  Factory Tech Lab  
  56  5:05  Supply Depot  
  56  5:16  Missile Turret  
  56  5:18  SCV  
  57  5:23  SCV  
  57  5:26  Engineering Bay  
  57  5:27  Siege Tank  
  61  5:30  SCV  
  61  5:31  Supply Depot  
  61  5:36  SCV  
  61  5:42  SCV  
  63  5:46  Terran Infantry Weapons Level 1  
  63  5:48  Starport Reactor, SCV, Marine  
  63  5:49  Barracks  
  65  5:51  Barracks  
  65  5:54  SCV, Stimpack  
  65  5:56  Orbital Command  
  66  6:01  Siege Tank  
  69  6:05  SCV  
  69  6:06  SCV  
  69  6:07  Terran Infantry Armor Level 1  
  69  6:09  Marine  
  72  6:17  SCV  
  71  6:19  SCV  
  72  6:30  SCV  
  72  6:31  SCV  
  73  6:32  Marine  
  73  6:33  Siege Tank  
  73  6:34  Starport Reactor  
  77  6:41  SCV  
  77  6:42  SCV  
  77  6:46  Marine x2  
  77  6:50  Marine  
  47  7:03  Marine x2  
  47  7:04  Marine x2  
  47  7:05  SCV, Siege Tank  
  47  7:06  SCV  
  47  7:08  Marine  
  55  7:16  Viking  
  55  7:18  SCV  
  55  7:21  Marine x2  
  56  7:23  SCV x2  
  56  7:25  Marine x2  
  56  7:28  Marine  
  52  7:33  Viking  
  52  7:34  SCV  
  52  7:35  SCV x2  
  55  7:39  Marine x2  
  55  7:41  Siege Tank  
  55  7:43  Marine x2  
  62  7:46  Marine  
  62  7:47  Viking  
  62  7:49  Refinery  
  64  7:51  SCV x2  
  64  7:56  Marine  
  64  7:57  Marine  
  68  8:03  Viking  
  68  8:05  Combat Shields  
  70  8:07  SCV x2  
  70  8:08  SCV  
  70  8:09  Marine  
  74  8:19  SCV  
  76  8:21  Viking  
  76  8:33  Marine x4  
  73  8:36  Siege Tank  
  73  8:37  Marine, Medivac  
  75  8:43  Orbital Command  
  75  8:47  SCV x2  
  70  8:51  Marine, Medivac  
  70  8:53  Marine x3  
  70  8:54  Marine  
  75  8:58  Armory  
  75  8:59  SCV x2  
  77  9:09  Marine  
  78  9:11  SCV  
  78  9:12  Siege Tank  
  78  9:14  Marine x4  
  86  9:17  SCV x2  
  86  9:23  SCV  
  89  9:26  Marine  
  88  9:31  Marine  
  88  9:38  Medivac x2  
  91  9:39  Marine x2  
  91  9:40  Marine  
  91  9:41  Supply Depot  
  92  9:53  Barracks x2  
  89  10:04  Terran Infantry Weapons Level 2  
  89  10:08  Medivac x2  
  91  10:15  Marine x3  
  94  10:24  SCV x3  
  95  10:30  Siege Tank  
  95  10:32  Marine x2  
  95  10:33  Marine x2  
  101  10:36  SCV x2  
  101  10:40  SCV  
  102  10:44  Refinery x2  
  102  10:45  Barracks Reactor x2  
  102  10:48  SCV  
  103  10:52  Marine x2  
  100  11:00  Marine x3  
  100  11:03  SCV  
  103  11:10  Marine x2  
  101  11:17  Marine  
  102  11:18  Marine x2  
  104  11:25  Siege Tank  
  104  11:27  Marine x2  
  104  11:28  Factory  
  109  11:39  Sensor Tower  
  109  11:41  Supply Depot  
  109  11:42  Supply Depot  
  109  12:02  SCV x3, Marine, Medivac x2  
  109  12:04  Marine x3  
  109  12:07  Marine x2  
  109  12:08  Marine x2  
  124  12:17  Factory Tech Lab  
  124  12:19  Supply Depot  
  124  12:33  Marine x2  
  124  12:41  Siege Tank  
  114  12:46  Marine x4  
  114  12:51  Marine x2  
  117  12:56  Marine x2  
  117  12:59  Command Center  
Show
View Real Time Build Order
Export as new Build Order

HeRoMaRinE Terran 

Build Orders: 1/1/1, Cyclone Opening, Bio Tank 

Get SALT Encoding   

  12  0:01  SCV  
  13  0:13  SCV  
  14  0:19  Supply Depot  
  14  0:25  SCV  
  15  0:29  Refinery  
  15  0:40  SCV  
  16  0:45  Barracks  
  16  0:53  SCV  
  16  0:54  Refinery  
  17  1:05  SCV  
  18  1:17  SCV  
  19  1:32  Orbital Command  
  19  1:33  Factory  
  19  1:35  Reaper  
  20  1:45  Supply Depot  
  20  1:57  SCV  
  21  2:07  Reaper  
  22  2:09  SCV  
  23  2:17  Hellion, Starport  
  23  2:21  SCV  
  26  2:32  Supply Depot  
  26  2:33  SCV  
  27  2:40  Cyclone, Barracks Tech Lab  
  30  2:46  SCV  
  31  3:02  Cloaking Field, Banshee  
  34  3:18  Command Center  
  34  3:23  SCV  
  35  3:29  Supply Depot  
  35  3:30  Barracks Reactor  
  35  3:35  Factory Tech Lab  
  35  3:36  SCV  
  36  3:48  SCV  
  37  3:51  Raven  
  39  3:58  Refinery  
  39  4:00  SCV  
  40  4:07  Marine x2  
  42  4:12  SCV  
  42  4:15  Siege Tank  
  46  4:24  SCV  
  49  4:37  SCV  
  48  4:38  Orbital Command  
  48  4:45  Viking, Refinery  
  48  4:46  Viking  
  48  4:49  SCV, Marine  
  54  4:58  Siege Tank  
  57  5:01  Supply Depot, SCV  
  58  5:14  SCV  
  59  5:16  Marine  
  59  5:17  Viking  
  62  5:22  Viking, SCV  
  62  5:26  SCV  
  66  5:30  Supply Depot, Siege Tank  
  66  5:34  SCV  
  66  5:35  Liberator  
  70  5:46  Supply Depot  
  70  5:52  Viking, SCV x2, Marine  
  70  5:53  Supply Depot  
  78  6:07  Siege Tank  
  78  6:09  Supply Depot  
  81  6:16  SCV  
  81  6:17  SCV  
  80  6:19  Marine  
  80  6:20  Stimpack  
  80  6:22  Viking  
  83  6:29  SCV  
  83  6:30  SCV  
  85  6:35  Viking  
  87  6:49  SCV x2  
  87  6:52  Siege Tank  
  81  6:56  Viking  
  71  7:05  Viking  
  71  7:06  Marine  
  72  7:10  Command Center  
  67  7:24  SCV x2, Siege Tank, Marine  
  69  7:41  Marine, Engineering Bay x2, Barracks x2  
  70  7:47  Viking x2  
  74  7:56  Siege Tank  
  77  7:59  Marine  
  77  8:01  Liberator  
  78  8:07  Liberator  
  78  8:10  Barracks x2  
  78  8:12  Terran Infantry Armor Level 1, Terran Infantry Weapons Level 1  
  81  8:26  SCV  
  74  8:39  Barracks Reactor x2  
  74  8:40  Marine  
  67  8:47  SCV x2  
  62  8:50  Orbital Command  
  62  8:52  Combat Shields  
  60  8:56  Siege Tank  
  60  8:58  Barracks Reactor, Marine  
  60  9:01  Viking  
  66  9:04  Barracks Reactor  
  66  9:05  SCV  
  66  9:06  SCV  
  68  9:16  SCV  
  69  9:17  Marine x3  
  69  9:18  SCV, Marine x2  
  69  9:22  SCV  
  74  9:30  SCV  
  70  9:34  SCV, Marine  
  70  9:35  Marine x2  
  70  9:36  Marine  
  74  9:38  Medivac  
  74  9:41  Marine x2  
  74  9:43  Marine  
  74  9:44  Marine  
  78  9:47  Marine  
  78  9:48  Siege Tank  
  78  9:50  Orbital Command  
  78  9:52  Viking, Marine  
  80  9:56  Marine  
  80  9:58  Marine  
  82  10:07  Marine x3  
  82  10:08  Marine x2  
  84  10:14  Marine x2  
  84  10:15  Marine  
  84  10:16  Marine  
  84  10:18  Medivac  
  90  10:25  Marine x3  
  90  10:26  Marine x2  
  95  10:30  Medivac  
  95  10:32  Marine x2  
  95  10:33  Marine  
  95  10:34  Marine  
  99  10:42  SCV x3  
  102  10:47  Marine  
  102  10:48  Marine x2, Medivac  
  107  10:54  SCV x3  
  107  10:56  Marine  
  91  11:03  Marine x2  
  81  11:05  Marine  
  81  11:06  SCV x3  
  81  11:08  Marine x2  
  87  11:14  Marine  
  87  11:15  Marine  
  90  11:21  Marine, Armory  
  90  11:23  Marine x2  
  90  11:25  Siege Tank  
  95  11:28  Refinery  
  95  11:29  Refinery  
  97  11:33  Marine x2  
  97  11:35  Marine x4  
  97  11:38  Marine  
  101  11:40  Marine  
  101  11:41  Medivac  
  101  11:43  Marine  
  101  11:44  SCV  
  101  11:46  SCV x2  
  108  11:51  Marine  
  108  11:52  Supply Depot  
  109  11:55  Marine x2, Refinery x2  
  109  11:56  SCV, Marine x2  
  109  11:57  Marine  
  117  12:06  Supply Depot  
  117  12:09  Marine  
  117  12:11  Marine x2  
  117  12:13  Missile Turret, Supply Depot  
  118  12:20  SCV x3  
  121  12:23  Marine x2  
  121  12:26  Marine  
  121  12:28  Marine  
  121  12:29  Marine  
  124  12:30  Marine  
  124  12:34  Marine x2  
  96  12:47  Marine x2  
  96  12:48  Marine  
  96  12:49  Marine x2  
  96  12:51  Marine  
  96  12:52  Marine  
  96  12:53  Marine x2  

Tags
 
Add a new tag
Caveats
  • Supply blocks, unpowered buildings, or Contaminate may cause inaccurate times.
  • Supply counts are checked every 10 seconds.